MapleLeafs vs Flyers

Created - March 23 2012 at 19:47

Goals
1 2 3 T
MapleLeafs 2 0 1 3
Flyers 2 2 0 4
Shots
1 2 3 T
MapleLeafs 14 11 6 31
Flyers 16 14 6 36

Period #1

1. MapleLeafs , Kyle Cumiskey 5 (Shawn Thornton) at 0:32
2. MapleLeafs , Vincent Lecavalier 34 (Andrew Alberts) at 0:38
3. Flyers , Nikolai Kulemin 27 (Ilya Kovalchuk, Marc-Andre Bergeron) at 4:17 (PP)
4. Flyers , Nikolai Kulemin 28 (Chris Pronger, Marc-Andre Bergeron) at 11:19 (PP)

Penalties :
Andreas Lilja (PHI) for Elbowing (Minor) at 0:45, Greg Zanon (TOR) for Roughing (Minor) at 3:28, Nikolai Kulemin (PHI) for Tripping (Minor) at 6:28, Jay Harrison (TOR) for Hooking (Minor) at 10:08, Greg Zanon (TOR) for Hooking (Minor) at 10:18

Period #2

5. Flyers , Ilya Kovalchuk 25 (Nikolai Kulemin, Chris Pronger) at 4:53 (PP)
6. Flyers , Marc-Andre Bergeron 11 (Justin Williams, Ladislav Smid) at 7:09

Penalties :
Jordin Tootoo (TOR) for Delaying the game (Minor) at 1:19, Vincent Lecavalier (TOR) for Roughing (Minor) at 3:37, Ed Jovanovski (TOR) for Tripping (Minor) at 4:00, Ilya Kovalchuk (PHI) for Fighting (Major) at 7:20, Jordin Tootoo (TOR) for Fighting (Major) at 7:20, Greg Zanon (TOR) for Hooking (Minor) at 9:42, Kyle Brodziak (PHI) for Hooking (Minor) at 14:23

Period #3

7. MapleLeafs , Mike Fisher 12 (Drew Doughty) at 8:09

Penalties :
Greg Zanon (TOR) for Hooking (Minor) at 3:51, Kyle Cumiskey (TOR) for High sticking (Minor) at 4:04, Kyle Cumiskey (TOR) for Hooking (Minor) at 8:37, Kyle Brodziak (PHI) for Hooking (Minor) at 10:52, Ilya Kovalchuk (PHI) for Fighting (Major) at 17:28, Adam Hall (TOR) for Fighting (Major) at 17:28, Ed Jovanovski (TOR) for Tripping (Minor) at 19:12

Goalie Stats

Johan Hedberg (TOR), 32 saves from 36 shots - (0.889), L, 15-23-2, 59:49 minutes
Tomas Vokoun (PHI), 28 saves from 31 shots - (0.903), W, 31-25-8, 60:00 minutes

Players Stats

MapleLeafs
Player Name              G  A  P  +/- PIM S  H  SB FO    MP 
------------------------------------------------------------
Adam Hall                0  0  0   0  5   0  1  0  0/0   8  
Andrew Alberts           0  1  1   0  0   0  3  0  0/0   16 
Drew Doughty             0  1  1   1  0   1  2  1  0/0   24 
Ed Jovanovski            0  0  0   1  4   1  2  1  0/0   20 
Evgeni Malkin            0  0  0   1  0   4  0  0  2/6   22 
Greg Zanon               0  0  0   1  8   4  1  0  0/0   20 
Jay Harrison             0  0  0   0  2   0  1  0  0/0   4  
Jordin Tootoo            0  0  0   1  7   1  1  0  1/1   14 
Kris Versteeg            0  0  0   1  0   2  0  0  3/9   19 
Kyle Cumiskey            1  0  1   1  4   2  1  2  0/0   21 
Mike Fisher              1  0  1   1  0   5  0  0  14/30 23 
Mike Grier               0  0  0   0  0   0  2  0  0/1   10 
Nick Boynton             0  0  0   0  0   1  0  0  0/0   11 
Patrick Marleau          0  0  0   0  0   0  0  0  0/0   3  
Shawn Thornton           0  1  1   1  0   3  4  0  1/1   17 
Travis Moen              0  0  0   0  0   2  1  0  0/0   15 
Vernon Fiddler           0  0  0   1  0   1  1  1  12/19 15 
Vincent Lecavalier       1  0  1   0  2   4  3  0  20/37 21 
Flyers
Player Name              G  A  P  +/- PIM S  H  SB FO    MP 
------------------------------------------------------------
Andreas Lilja            0  0  0   0  2   0  1  1  0/0   14 
Brendan Morrison         0  0  0  -2  0   3  1  0  23/31 24 
Chris Pronger            0  2  2  -2  0   1  1  3  0/0   22 
Dustin Penner            0  0  0   0  0   3  1  0  2/3   17 
Ilya Kovalchuk           1  1  2  -2  10  4  0  0  0/1   17 
John Madden              0  0  0   0  0   1  0  0  6/15  10 
Justin Williams          0  1  1   0  0   2  2  0  2/2   18 
Kyle Brodziak            0  0  0   0  4   1  3  0  3/4   17 
Ladislav Smid            0  1  1   0  0   2  0  1  0/0   21 
Marc-Andre Bergeron      1  2  3   0  0   4  0  0  0/0   18 
Matt DAgostini           0  0  0   0  0   3  1  0  0/0   13 
Mike Santorelli          0  0  0   0  0   2  2  0  5/21  17 
Niklas Hagman            0  0  0   0  0   0  0  0  0/0   5  
Nikolai Kulemin          2  1  3  -2  2   5  0  0  0/0   20 
Pascal Dupuis            0  0  0   0  0   0  0  0  0/0   0  
Randy Jones              0  0  0  -1  0   1  0  0  0/0   19 
Rostislav Klesla         0  0  0  -1  0   3  1  1  0/0   24 
Tim Connolly             0  0  0   0  0   1  0  0  10/27 18 

3 Stars

1 - Marc-Andre Bergeron (PHI)
2 - Nikolai Kulemin (PHI)
3 - Mike Fisher (TOR)

Power Play

MapleLeafs - 0 on 4 Attempt(s) - 0.00%
Flyers - 3 on 11 Attempt(s) - 27.27%

Penalty Kill

MapleLeafs - 8 on 11 Attempt(s) - 72.73% - Score 0 goal in Penalty Kill
Flyers - 4 on 4 Attempt(s) - 100.00% - Score 0 goal in Penalty Kill

Game Notes

The goal is going for a video replay. After video review, Goal.
The goal is going for a video replay. After video review, No Goal.
Ilya Kovalchuk beats up Jordin Tootoo at 7:20 of 2nd period
Ilya Kovalchuk and Adam Hall fight to a draw at 17:28 of 3rd period

Finance

Level 1 -- Attendance: 4891 (75.25%) -- Ticket Income $464,645.00
Level 2 -- Attendance: 4268 (85.36%) -- Ticket Income $230,472.00
Level 3 -- Attendance: 2959 (84.54%) -- Ticket Income $103,565.00
Level 4 -- Attendance: 2991 (84.56%) -- Ticket Income $44,865.00
Luxury Box -- Attendance: 760 (76.00%) -- Ticket Income $145,920.00
Game was played at the Wells Fargo Center
Total Attendance: 15869 (81.23%)
Total Ticket Income: $1,006,107.00
Other Income: $214,424.10
Total Income: $1,220,531.00


Play by Play

Period #1

0:01 of 1st period - Mike Fisher wins face-off versus Brendan Morrison in neutral zone.
0:15 of 1st period - Icing by Chris Pronger.
0:16 of 1st period - Brendan Morrison wins face-off versus Vernon Fiddler in Flyers zone.
0:16 of 1st period - Brendan Morrison is hit by Shawn Thornton.
0:30 of 1st period - Shot by Kyle Cumiskey.
0:30 of 1st period - Shot Blocked by Chris Pronger.
0:32 of 1st period - Shot by Kyle Cumiskey.
0:32 of 1st period - The goal is going for a video replay.
0:32 of 1st period - The goal is good.
0:32 of 1st period - Goal by Kyle Cumiskey - MapleLeafs : 1 - Flyers : 0.
0:33 of 1st period - Vincent Lecavalier wins face-off versus Tim Connolly in neutral zone.
0:38 of 1st period - Shot by Vincent Lecavalier.
0:38 of 1st period - Goal by Vincent Lecavalier - MapleLeafs : 2 - Flyers : 0.
0:39 of 1st period - Mike Fisher wins face-off versus Mike Santorelli in neutral zone.
0:45 of 1st period - Minor Penalty to Andreas Lilja for Elbowing.
0:46 of 1st period - Mike Fisher wins face-off versus Mike Santorelli in Flyers zone.
0:47 of 1st period - Shot by Kyle Cumiskey.
0:47 of 1st period - Shot Blocked by Chris Pronger.
0:49 of 1st period - Shot by Mike Fisher.
0:49 of 1st period - Stopped by Tomas Vokoun without a rebound.
0:50 of 1st period - John Madden wins face-off versus Vincent Lecavalier in Flyers zone.
0:50 of 1st period - John Madden is hit by Vincent Lecavalier.
1:12 of 1st period - Icing by Vincent Lecavalier.
1:13 of 1st period - John Madden wins face-off versus Vincent Lecavalier in MapleLeafs zone.
1:13 of 1st period - John Madden is hit by Ed Jovanovski.
1:21 of 1st period - Shot by John Madden.
1:21 of 1st period - Stopped by Johan Hedberg without a rebound.
1:22 of 1st period - Mike Fisher wins face-off versus Mike Santorelli in MapleLeafs zone.
1:33 of 1st period - Shot by Jordin Tootoo.
1:33 of 1st period - Shot Blocked by Chris Pronger.
1:35 of 1st period - Shot by Greg Zanon.
1:35 of 1st period - Stopped by Tomas Vokoun with a rebound.
1:37 of 1st period - Shot by Greg Zanon.
1:37 of 1st period - Stopped by Tomas Vokoun without a rebound.
1:38 of 1st period - John Madden wins face-off versus Vincent Lecavalier in Flyers zone.
1:57 of 1st period - Icing by Drew Doughty.
1:58 of 1st period - Vincent Lecavalier wins face-off versus John Madden in MapleLeafs zone.
2:56 of 1st period - Mike Santorelli is hit by Andrew Alberts and loses puck.
2:59 of 1st period - Shot by Mike Santorelli.
2:59 of 1st period - Stopped by Johan Hedberg without a rebound.
3:00 of 1st period - Justin Williams wins face-off versus Mike Fisher in MapleLeafs zone.
3:00 of 1st period - Justin Williams is hit by Jay Harrison.
3:04 of 1st period - Shot by Justin Williams.
3:04 of 1st period - Deflect By Dustin Penner.
3:04 of 1st period - Shot Blocked by Drew Doughty.
3:16 of 1st period - Shot by Mike Fisher.
3:16 of 1st period - Stopped by Tomas Vokoun without a rebound.
3:17 of 1st period - Mike Santorelli wins face-off versus Vernon Fiddler in Flyers zone.
3:17 of 1st period - Mike Santorelli is hit by Shawn Thornton.
3:27 of 1st period - Shot by Randy Jones.
3:27 of 1st period - Shot Blocked by Kyle Cumiskey.
3:28 of 1st period - Minor Penalty to Greg Zanon for Roughing.
3:29 of 1st period - Brendan Morrison wins face-off versus Kris Versteeg in MapleLeafs zone.
3:30 of 1st period - Shot by Chris Pronger.
3:30 of 1st period - Shot Blocked by Ed Jovanovski.
3:34 of 1st period - Shot by Ilya Kovalchuk.
3:34 of 1st period - Stopped by Johan Hedberg without a rebound.
3:35 of 1st period - Kris Versteeg wins face-off versus Brendan Morrison in MapleLeafs zone.
3:48 of 1st period - Shot by Chris Pronger.
3:48 of 1st period - Stopped by Johan Hedberg without a rebound.
3:49 of 1st period - Vincent Lecavalier wins face-off versus Tim Connolly in MapleLeafs zone.
3:49 of 1st period - Vincent Lecavalier is hit by Dustin Penner.
3:58 of 1st period - Off-side.
3:59 of 1st period - Vincent Lecavalier wins face-off versus Brendan Morrison in neutral zone.
4:13 of 1st period - Shot by Ilya Kovalchuk.
4:13 of 1st period - Shot Misses the Net.
4:17 of 1st period - Shot by Nikolai Kulemin.
4:17 of 1st period - Goal by Nikolai Kulemin - MapleLeafs : 2 - Flyers : 1.
4:18 of 1st period - Mike Santorelli wins face-off versus Mike Grier in neutral zone.
4:31 of 1st period - Shot by Matt DAgostini.
4:31 of 1st period - Stopped by Johan Hedberg without a rebound.
4:32 of 1st period - Tim Connolly wins face-off versus Vernon Fiddler in MapleLeafs zone.
4:50 of 1st period - Greg Zanon is hit by Justin Williams and loses puck.
4:59 of 1st period - Shot by Justin Williams.
4:59 of 1st period - Shot Misses the Net.
5:03 of 1st period - Shot by Dustin Penner.
5:03 of 1st period - Stopped by Johan Hedberg without a rebound.
5:04 of 1st period - Mike Santorelli wins face-off versus Mike Fisher in MapleLeafs zone.
5:15 of 1st period - Shot by Mike Fisher.
5:15 of 1st period - Shot Misses the Net.
5:19 of 1st period - Shot by Travis Moen.
5:19 of 1st period - Stopped by Tomas Vokoun without a rebound.
5:20 of 1st period - Brendan Morrison wins face-off versus Vincent Lecavalier in Flyers zone.
5:36 of 1st period - Icing by Nick Boynton.
5:37 of 1st period - Vincent Lecavalier wins face-off versus Mike Santorelli in MapleLeafs zone.
6:07 of 1st period - Travis Moen is hit by Mike Santorelli and loses puck.
6:25 of 1st period - Icing by Nick Boynton.
6:26 of 1st period - Brendan Morrison wins face-off versus Vincent Lecavalier in MapleLeafs zone.
6:28 of 1st period - Minor Penalty to Nikolai Kulemin for Tripping.
6:29 of 1st period - Jordin Tootoo wins face-off versus John Madden in Flyers zone.
6:32 of 1st period - Shot by Mike Fisher.
6:32 of 1st period - Shot Blocked by Andreas Lilja.
6:34 of 1st period - Shot by Mike Fisher.
6:34 of 1st period - Shot Blocked by Rostislav Klesla.
6:38 of 1st period - Shot by Mike Fisher.
6:38 of 1st period - Stopped by Tomas Vokoun without a rebound.
6:39 of 1st period - John Madden wins face-off versus Mike Fisher in Flyers zone.
7:00 of 1st period - Shot by Greg Zanon.
7:00 of 1st period - Shot Misses the Net.
7:02 of 1st period - Shot by Greg Zanon.
7:02 of 1st period - Stopped by Tomas Vokoun with a rebound.
7:14 of 1st period - John Madden is hit by Shawn Thornton and loses puck.
8:16 of 1st period - Icing by Shawn Thornton.
8:17 of 1st period - Mike Santorelli wins face-off versus Mike Fisher in MapleLeafs zone.
8:22 of 1st period - Shot by Kyle Brodziak.
8:22 of 1st period - Stopped by Johan Hedberg with a rebound.
8:41 of 1st period - Shot by Ladislav Smid.
8:41 of 1st period - Stopped by Johan Hedberg with a rebound.
8:43 of 1st period - Shot by Dustin Penner.
8:43 of 1st period - Stopped by Johan Hedberg with a rebound.
8:57 of 1st period - Dustin Penner is hit by Mike Grier.
8:58 of 1st period - Icing by Dustin Penner.
8:59 of 1st period - Tim Connolly wins face-off versus Mike Fisher in Flyers zone.
8:59 of 1st period - Tim Connolly is hit by Adam Hall.
9:42 of 1st period - Shot by Mike Santorelli.
9:42 of 1st period - Shot Hit the Post.
10:08 of 1st period - Minor Penalty to Jay Harrison for Hooking.
10:09 of 1st period - Brendan Morrison wins face-off versus Vincent Lecavalier in MapleLeafs zone.
10:18 of 1st period - Shot by Ilya Kovalchuk.
10:18 of 1st period - Stopped by Johan Hedberg without a rebound.
10:18 of 1st period - Minor Penalty to Greg Zanon for Hooking.
10:19 of 1st period - Evgeni Malkin wins face-off versus Tim Connolly in MapleLeafs zone.
10:25 of 1st period - Icing by Tim Connolly.
10:26 of 1st period - Evgeni Malkin wins face-off versus Tim Connolly in Flyers zone.
11:13 of 1st period - Shot by Marc-Andre Bergeron.
11:13 of 1st period - Stopped by Johan Hedberg without a rebound.
11:14 of 1st period - Brendan Morrison wins face-off versus Vincent Lecavalier in MapleLeafs zone.
11:19 of 1st period - Shot by Nikolai Kulemin.
11:19 of 1st period - Goal by Nikolai Kulemin - MapleLeafs : 2 - Flyers : 2.
11:20 of 1st period - Brendan Morrison wins face-off versus Vincent Lecavalier in neutral zone.
12:14 of 1st period - Shot by Tim Connolly.
12:14 of 1st period - Shot Blocked by Kyle Cumiskey.
12:16 of 1st period - Shot by Justin Williams.
12:16 of 1st period - Stopped by Johan Hedberg without a rebound.
12:17 of 1st period - Tim Connolly wins face-off versus Vincent Lecavalier in MapleLeafs zone.
12:34 of 1st period - Shot by Evgeni Malkin.
12:34 of 1st period - Shot Misses the Net.
13:22 of 1st period - Icing by Rostislav Klesla.
13:23 of 1st period - Brendan Morrison wins face-off versus Vincent Lecavalier in Flyers zone.
13:23 of 1st period - Brendan Morrison is hit by Vincent Lecavalier.
13:26 of 1st period - Chris Pronger is hit by Mike Grier and loses puck.
13:54 of 1st period - Tim Connolly is hit by Andrew Alberts and loses puck.
13:57 of 1st period - Shot by Marc-Andre Bergeron.
13:57 of 1st period - Shot Misses the Net.
14:51 of 1st period - Shot by Kris Versteeg.
14:51 of 1st period - Stopped by Tomas Vokoun with a rebound.
14:53 of 1st period - Shot by Drew Doughty.
14:53 of 1st period - Shot Hit the Post.
15:56 of 1st period - Shot by Ilya Kovalchuk.
15:56 of 1st period - Shot Blocked by Vernon Fiddler.
15:58 of 1st period - Shot by Rostislav Klesla.
15:58 of 1st period - Stopped by Johan Hedberg without a rebound.
15:59 of 1st period - Vernon Fiddler wins face-off versus Dustin Penner in MapleLeafs zone.
16:06 of 1st period - Icing by Ladislav Smid.
16:07 of 1st period - Vincent Lecavalier wins face-off versus Tim Connolly in Flyers zone.
16:12 of 1st period - Shot by Vincent Lecavalier.
16:12 of 1st period - Stopped by Tomas Vokoun without a rebound.
16:13 of 1st period - Vernon Fiddler wins face-off versus Tim Connolly in Flyers zone.
16:14 of 1st period - Shot by Evgeni Malkin.
16:14 of 1st period - Stopped by Tomas Vokoun with a rebound.
17:16 of 1st period - Shot by Nikolai Kulemin.
17:16 of 1st period - Deflect By Brendan Morrison.
17:16 of 1st period - The goal is going for a video replay.
17:16 of 1st period - The goal is refused.
17:17 of 1st period - Vincent Lecavalier wins face-off versus Mike Santorelli in MapleLeafs zone.
17:36 of 1st period - Icing by Nick Boynton.
17:37 of 1st period - Vincent Lecavalier wins face-off versus John Madden in MapleLeafs zone.
17:46 of 1st period - Marc-Andre Bergeron is hit by Andrew Alberts and loses puck.
18:24 of 1st period - Icing by Jordin Tootoo.
18:25 of 1st period - Mike Fisher wins face-off versus Mike Santorelli in MapleLeafs zone.
18:32 of 1st period - Shot by Kris Versteeg.
18:32 of 1st period - Deflect By Mike Fisher.
18:32 of 1st period - Stopped by Tomas Vokoun without a rebound.
18:33 of 1st period - Mike Fisher wins face-off versus Brendan Morrison in Flyers zone.
18:34 of 1st period - Shot by Drew Doughty.
18:34 of 1st period - Stopped by Tomas Vokoun without a rebound.
18:35 of 1st period - Mike Fisher wins face-off versus Mike Santorelli in Flyers zone.
19:08 of 1st period - Shot by Kris Versteeg.
19:08 of 1st period - Shot Misses the Net.
19:52 of 1st period - Shot by Nikolai Kulemin.
19:52 of 1st period - Shot Misses the Net.
19:56 of 1st period - Shot by Ilya Kovalchuk.
19:56 of 1st period - Shot Misses the Net.

Period #2

0:01 of 2nd period - Brendan Morrison wins face-off versus Mike Fisher in neutral zone.
0:16 of 2nd period - Shot by Brendan Morrison.
0:16 of 2nd period - Stopped by Johan Hedberg without a rebound.
0:17 of 2nd period - Vernon Fiddler wins face-off versus Tim Connolly in MapleLeafs zone.
0:17 of 2nd period - Vernon Fiddler is hit by Justin Williams.
0:20 of 2nd period - Icing by Evgeni Malkin.
0:21 of 2nd period - Vernon Fiddler wins face-off versus Mike Santorelli in MapleLeafs zone.
0:21 of 2nd period - Kyle Cumiskey is hit by Matt DAgostini and loses puck.
0:38 of 2nd period - Shot by Vernon Fiddler.
0:38 of 2nd period - Stopped by Tomas Vokoun without a rebound.
0:39 of 2nd period - Brendan Morrison wins face-off versus Mike Fisher in Flyers zone.
1:01 of 2nd period - Jordin Tootoo is hit by Rostislav Klesla and loses puck.
1:19 of 2nd period - Minor Penalty to Jordin Tootoo for Delaying the game.
1:20 of 2nd period - Tim Connolly wins face-off versus Evgeni Malkin in MapleLeafs zone.
2:13 of 2nd period - Ed Jovanovski is hit by Brendan Morrison and loses puck.
3:04 of 2nd period - Shot by Ladislav Smid.
3:04 of 2nd period - Shot Misses the Net.
3:08 of 2nd period - Shot by Justin Williams.
3:08 of 2nd period - Shot Misses the Net.
3:37 of 2nd period - Minor Penalty to Vincent Lecavalier for Roughing.
3:38 of 2nd period - Brendan Morrison wins face-off versus Kris Versteeg in MapleLeafs zone.
4:00 of 2nd period - Minor Penalty to Ed Jovanovski for Tripping.
4:01 of 2nd period - Dustin Penner wins face-off versus Evgeni Malkin in MapleLeafs zone.
4:53 of 2nd period - Shot by Ilya Kovalchuk.
4:53 of 2nd period - Goal by Ilya Kovalchuk - MapleLeafs : 2 - Flyers : 3.
4:54 of 2nd period - Kyle Brodziak wins face-off versus Kris Versteeg in neutral zone.
5:11 of 2nd period - Shot by Randy Jones.
5:11 of 2nd period - Stopped by Johan Hedberg without a rebound.
5:12 of 2nd period - Brendan Morrison wins face-off versus Kris Versteeg in MapleLeafs zone.
5:25 of 2nd period - Shot by Nikolai Kulemin.
5:25 of 2nd period - Stopped by Johan Hedberg without a rebound.
5:26 of 2nd period - Vincent Lecavalier wins face-off versus Tim Connolly in MapleLeafs zone.
5:26 of 2nd period - Vincent Lecavalier is hit by Kyle Brodziak.
5:33 of 2nd period - Icing by Kyle Brodziak.
5:34 of 2nd period - Vincent Lecavalier wins face-off versus Tim Connolly in Flyers zone.
5:47 of 2nd period - Shot by Rostislav Klesla.
5:47 of 2nd period - Stopped by Johan Hedberg with a rebound.
5:49 of 2nd period - Shot by Rostislav Klesla.
5:49 of 2nd period - Stopped by Johan Hedberg without a rebound.
5:50 of 2nd period - Brendan Morrison wins face-off versus Kris Versteeg in MapleLeafs zone.
6:55 of 2nd period - Shot by Dustin Penner.
6:55 of 2nd period - Stopped by Johan Hedberg with a rebound.
6:59 of 2nd period - Shot by Tim Connolly.
6:59 of 2nd period - Shot Misses the Net.
7:09 of 2nd period - Shot by Marc-Andre Bergeron.
7:09 of 2nd period - Goal by Marc-Andre Bergeron - MapleLeafs : 2 - Flyers : 4.
7:10 of 2nd period - Brendan Morrison wins face-off versus Mike Fisher in neutral zone.
7:16 of 2nd period - Ilya Kovalchuk is hit by Ed Jovanovski and loses puck.
7:20 of 2nd period - Ilya Kovalchuk beats up Jordin Tootoo.
7:20 of 2nd period - Penalty to Ilya Kovalchuk for Fighting.
7:20 of 2nd period - Penalty to Jordin Tootoo for Fighting.
7:21 of 2nd period - Brendan Morrison wins face-off versus Vernon Fiddler in neutral zone.
7:47 of 2nd period - Rostislav Klesla is hit by Shawn Thornton and loses puck.
8:00 of 2nd period - Shot by Evgeni Malkin.
8:00 of 2nd period - Shot Misses the Net.
8:31 of 2nd period - Shot by Adam Hall.
8:31 of 2nd period - Shot Misses the Net.
8:33 of 2nd period - Shot by Ed Jovanovski.
8:33 of 2nd period - Shot Misses the Net.
9:00 of 2nd period - Rostislav Klesla is hit by Greg Zanon and loses puck.
9:42 of 2nd period - Minor Penalty to Greg Zanon for Hooking.
9:43 of 2nd period - Justin Williams wins face-off versus Vincent Lecavalier in MapleLeafs zone.
10:00 of 2nd period - Shot by Ladislav Smid.
10:00 of 2nd period - Stopped by Johan Hedberg without a rebound.
10:01 of 2nd period - Tim Connolly wins face-off versus Vincent Lecavalier in MapleLeafs zone.
10:58 of 2nd period - Shot by Marc-Andre Bergeron.
10:58 of 2nd period - Stopped by Johan Hedberg without a rebound.
10:59 of 2nd period - Kyle Brodziak wins face-off versus Vernon Fiddler in MapleLeafs zone.
12:03 of 2nd period - Shot by Vincent Lecavalier.
12:03 of 2nd period - Shot Misses the Net.
12:05 of 2nd period - Shot by Nick Boynton.
12:05 of 2nd period - Stopped by Tomas Vokoun with a rebound.
12:29 of 2nd period - Shot by Evgeni Malkin.
12:29 of 2nd period - Shot Misses the Net.
12:43 of 2nd period - Shot by Evgeni Malkin.
12:43 of 2nd period - Stopped by Tomas Vokoun without a rebound.
12:44 of 2nd period - Brendan Morrison wins face-off versus Mike Fisher in Flyers zone.
12:44 of 2nd period - Brendan Morrison is hit by Travis Moen.
12:49 of 2nd period - Off-side.
12:50 of 2nd period - Brendan Morrison wins face-off versus Mike Fisher in neutral zone.
12:50 of 2nd period - Brendan Morrison is hit by Jordin Tootoo.
13:43 of 2nd period - Shot by Mike Santorelli.
13:43 of 2nd period - Stopped by Johan Hedberg without a rebound.
13:44 of 2nd period - Vernon Fiddler wins face-off versus Mike Santorelli in MapleLeafs zone.
13:53 of 2nd period - Shot by Matt DAgostini.
13:53 of 2nd period - Stopped by Johan Hedberg without a rebound.
13:54 of 2nd period - Kyle Brodziak wins face-off versus Mike Fisher in MapleLeafs zone.
14:15 of 2nd period - Shot by Travis Moen.
14:15 of 2nd period - Stopped by Tomas Vokoun without a rebound.
14:16 of 2nd period - John Madden wins face-off versus Vernon Fiddler in Flyers zone.
14:23 of 2nd period - Minor Penalty to Kyle Brodziak for Hooking.
14:24 of 2nd period - Vincent Lecavalier wins face-off versus Mike Santorelli in Flyers zone.
14:56 of 2nd period - Chris Pronger is hit by Vincent Lecavalier.
15:03 of 2nd period - Icing by Evgeni Malkin.
15:04 of 2nd period - Vincent Lecavalier wins face-off versus John Madden in MapleLeafs zone.
15:06 of 2nd period - Icing by Evgeni Malkin.
15:07 of 2nd period - Vincent Lecavalier wins face-off versus Mike Santorelli in MapleLeafs zone.
15:38 of 2nd period - Shot by Shawn Thornton.
15:38 of 2nd period - Stopped by Tomas Vokoun without a rebound.
15:39 of 2nd period - Mike Santorelli wins face-off versus Mike Fisher in Flyers zone.
16:08 of 2nd period - Shot by Mike Fisher.
16:08 of 2nd period - Deflect By Jordin Tootoo.
16:08 of 2nd period - Stopped by Tomas Vokoun with a rebound.
16:30 of 2nd period - Shot by Travis Moen.
16:30 of 2nd period - Shot Blocked by Ladislav Smid.
16:32 of 2nd period - Shot by Mike Grier.
16:32 of 2nd period - Shot Misses the Net.
17:29 of 2nd period - Mike Fisher is hit by Andreas Lilja and loses puck.
17:33 of 2nd period - Icing by Andreas Lilja.
17:34 of 2nd period - Brendan Morrison wins face-off versus Vernon Fiddler in Flyers zone.
17:36 of 2nd period - Ilya Kovalchuk is hit by Vernon Fiddler and loses puck.
17:44 of 2nd period - Ilya Kovalchuk is hit by Kyle Cumiskey and loses puck.
18:00 of 2nd period - Shot by Evgeni Malkin.
18:00 of 2nd period - Shot Misses the Net.
18:02 of 2nd period - Shot by Greg Zanon.
18:02 of 2nd period - Stopped by Tomas Vokoun with a rebound.
18:04 of 2nd period - Shot by Shawn Thornton.
18:04 of 2nd period - Stopped by Tomas Vokoun without a rebound.
18:05 of 2nd period - Vernon Fiddler wins face-off versus Mike Santorelli in Flyers zone.
18:24 of 2nd period - Shot by Ed Jovanovski.
18:24 of 2nd period - Stopped by Tomas Vokoun without a rebound.
18:25 of 2nd period - Dustin Penner wins face-off versus Vincent Lecavalier in Flyers zone.
18:32 of 2nd period - Icing by Nick Boynton.
18:33 of 2nd period - Vincent Lecavalier wins face-off versus John Madden in MapleLeafs zone.
18:33 of 2nd period - Vincent Lecavalier is hit by Kyle Brodziak.
18:38 of 2nd period - Off-side.
18:39 of 2nd period - Tim Connolly wins face-off versus Mike Fisher in neutral zone.
18:42 of 2nd period - Shot by Justin Williams.
18:42 of 2nd period - Stopped by Johan Hedberg without a rebound.
18:43 of 2nd period - Vernon Fiddler wins face-off versus Mike Santorelli in MapleLeafs zone.
18:43 of 2nd period - Evgeni Malkin is hit by Kyle Brodziak and loses puck.
19:02 of 2nd period - Shot by Evgeni Malkin.
19:02 of 2nd period - Stopped by Tomas Vokoun without a rebound.
19:03 of 2nd period - Vincent Lecavalier wins face-off versus Brendan Morrison in Flyers zone.
19:08 of 2nd period - Shot by Vincent Lecavalier.
19:08 of 2nd period - Stopped by Tomas Vokoun without a rebound.
19:09 of 2nd period - Mike Fisher wins face-off versus Tim Connolly in Flyers zone.
19:14 of 2nd period - Shot by Kris Versteeg.
19:14 of 2nd period - Deflect By Jordin Tootoo.
19:14 of 2nd period - Shot Misses the Net.
19:19 of 2nd period - Icing by Ladislav Smid.
19:20 of 2nd period - Tim Connolly wins face-off versus Vincent Lecavalier in Flyers zone.
19:27 of 2nd period - Shot by Justin Williams.
19:27 of 2nd period - Deflect By Tim Connolly.
19:27 of 2nd period - Stopped by Johan Hedberg without a rebound.
19:28 of 2nd period - Brendan Morrison wins face-off versus Mike Fisher in MapleLeafs zone.
19:34 of 2nd period - Nikolai Kulemin is hit by Drew Doughty.

Period #3

0:01 of 3rd period - Mike Fisher wins face-off versus Brendan Morrison in neutral zone.
0:46 of 3rd period - Icing by Chris Pronger.
0:47 of 3rd period - Vernon Fiddler wins face-off versus Brendan Morrison in Flyers zone.
0:50 of 3rd period - Shot by Shawn Thornton.
0:50 of 3rd period - Stopped by Tomas Vokoun without a rebound.
0:51 of 3rd period - Tim Connolly wins face-off versus Vincent Lecavalier in Flyers zone.
2:43 of 3rd period - Shot by Ilya Kovalchuk.
2:43 of 3rd period - Stopped by Johan Hedberg without a rebound.
2:44 of 3rd period - Mike Fisher wins face-off versus Brendan Morrison in MapleLeafs zone.
3:18 of 3rd period - Brendan Morrison is hit by Drew Doughty and loses puck.
3:43 of 3rd period - Icing by Ladislav Smid.
3:44 of 3rd period - Shawn Thornton wins face-off versus Tim Connolly in Flyers zone.
3:51 of 3rd period - Minor Penalty to Greg Zanon for Hooking.
3:52 of 3rd period - Vincent Lecavalier wins face-off versus Tim Connolly in MapleLeafs zone.
4:04 of 3rd period - Minor Penalty to Kyle Cumiskey for High sticking.
4:05 of 3rd period - Brendan Morrison wins face-off versus Evgeni Malkin in MapleLeafs zone.
4:29 of 3rd period - Off-side.
4:30 of 3rd period - Tim Connolly wins face-off versus Evgeni Malkin in neutral zone.
6:05 of 3rd period - Vincent Lecavalier is hit by Mike Santorelli and loses puck.
6:55 of 3rd period - Off-side.
6:56 of 3rd period - Vernon Fiddler wins face-off versus John Madden in neutral zone.
7:27 of 3rd period - Icing by John Madden.
7:28 of 3rd period - Mike Fisher wins face-off versus John Madden in Flyers zone.
8:09 of 3rd period - Shot by Mike Fisher.
8:09 of 3rd period - Goal by Mike Fisher - MapleLeafs : 3 - Flyers : 4.
8:10 of 3rd period - Vernon Fiddler wins face-off versus Tim Connolly in neutral zone.
8:37 of 3rd period - Minor Penalty to Kyle Cumiskey for Hooking.
8:38 of 3rd period - Brendan Morrison wins face-off versus Vincent Lecavalier in MapleLeafs zone.
9:00 of 3rd period - Shot by Ilya Kovalchuk.
9:00 of 3rd period - Shot Misses the Net.
9:04 of 3rd period - Shot by Nikolai Kulemin.
9:04 of 3rd period - Stopped by Johan Hedberg without a rebound.
9:05 of 3rd period - Vincent Lecavalier wins face-off versus Tim Connolly in MapleLeafs zone.
10:00 of 3rd period - Shot by Nikolai Kulemin.
10:00 of 3rd period - Stopped by Johan Hedberg without a rebound.
10:01 of 3rd period - Brendan Morrison wins face-off versus Kris Versteeg in MapleLeafs zone.
10:52 of 3rd period - Minor Penalty to Kyle Brodziak for Hooking.
10:53 of 3rd period - Mike Fisher wins face-off versus John Madden in Flyers zone.
11:02 of 3rd period - Shot by Kyle Cumiskey.
11:02 of 3rd period - Stopped by Tomas Vokoun without a rebound.
11:03 of 3rd period - Mike Fisher wins face-off versus Mike Santorelli in Flyers zone.
11:44 of 3rd period - Shot by Kris Versteeg.
11:44 of 3rd period - Stopped by Tomas Vokoun without a rebound.
11:45 of 3rd period - Vincent Lecavalier wins face-off versus Mike Santorelli in Flyers zone.
13:23 of 3rd period - Shot by Marc-Andre Bergeron.
13:23 of 3rd period - Shot Misses the Net.
13:47 of 3rd period - Icing by Jay Harrison.
13:48 of 3rd period - Brendan Morrison wins face-off versus Mike Fisher in MapleLeafs zone.
13:58 of 3rd period - Icing by Drew Doughty.
13:59 of 3rd period - Mike Fisher wins face-off versus Mike Santorelli in MapleLeafs zone.
16:12 of 3rd period - Shot by Evgeni Malkin.
16:12 of 3rd period - Stopped by Tomas Vokoun without a rebound.
16:13 of 3rd period - Vernon Fiddler wins face-off versus Tim Connolly in Flyers zone.
16:16 of 3rd period - Shot by Vincent Lecavalier.
16:16 of 3rd period - Stopped by Tomas Vokoun without a rebound.
16:17 of 3rd period - Vernon Fiddler wins face-off versus Tim Connolly in Flyers zone.
17:21 of 3rd period - Shot by Mike Santorelli.
17:21 of 3rd period - Deflect By Matt DAgostini.
17:21 of 3rd period - Stopped by Johan Hedberg without a rebound.
17:22 of 3rd period - Vincent Lecavalier wins face-off versus Ilya Kovalchuk in MapleLeafs zone.
17:28 of 3rd period - Ilya Kovalchuk and Adam Hall fight to a draw.
17:28 of 3rd period - Penalty to Ilya Kovalchuk for Fighting.
17:28 of 3rd period - Penalty to Adam Hall for Fighting.
17:29 of 3rd period - Vincent Lecavalier wins face-off versus Kyle Brodziak in Flyers zone.
17:39 of 3rd period - Mike Fisher is hit by Chris Pronger and loses puck.
17:52 of 3rd period - Shot by Brendan Morrison.
17:52 of 3rd period - Stopped by Johan Hedberg without a rebound.
17:53 of 3rd period - Kris Versteeg wins face-off versus Tim Connolly in MapleLeafs zone.
18:08 of 3rd period - Shot by Evgeni Malkin.
18:08 of 3rd period - Shot Misses the Net.
18:10 of 3rd period - Shot by Patrick Marleau.
18:10 of 3rd period - Shot Misses the Net.
18:12 of 3rd period - Shot by Greg Zanon.
18:12 of 3rd period - Shot Misses the Net.
18:48 of 3rd period - Shot by Shawn Thornton.
18:48 of 3rd period - Shot Misses the Net.
19:02 of 3rd period - MapleLeafs, Johan Hedberg is pulled from the net.
19:09 of 3rd period - Off-side.
19:10 of 3rd period - John Madden wins face-off versus Mike Fisher in neutral zone.
19:12 of 3rd period - Minor Penalty to Ed Jovanovski for Tripping.
19:13 of 3rd period - Johan Hedberg from MapleLeafs was sent back in the game.
19:13 of 3rd period - Kris Versteeg wins face-off versus John Madden in MapleLeafs zone.
19:40 of 3rd period - Shot by Marc-Andre Bergeron.
19:40 of 3rd period - Stopped by Johan Hedberg without a rebound.
19:41 of 3rd period - Tim Connolly wins face-off versus Vincent Lecavalier in MapleLeafs zone.


Output by the SimonT Hockey Simulator (STHS) for Stephane Roy -- Original Page W3C XHTML 1.0 Valid